 Dungeon Crawl Stone Soup version 0.30-a0-51-g784eafce7f (webtiles) character file.

Game seed: 2268880049769079501

52 BritishOli the Trooper (level 3, -1/29 HPs)
             Began as a Demonspawn Fighter on Sept 6, 2022.
             Slain by a gnoll
             ... wielding a +0 flail
              (13 damage)
             ... on level 1 of the Dungeon.
             The game lasted 00:01:22 (2203 turns).

BritishOli the Trooper (Demonspawn Fighter)         Turns: 2203, Time: 00:01:23

Health: -1/29      AC:  5    Str: 18    XL:     3   Next: 60%
Magic:  3/3        EV: 10    Int:  9    God:
Gold:   41         SH:  5    Dex: 14    Spells: 2/2 levels left

rFire   . . .      SeeInvis .    a - +0 long sword
rCold   . . .      Faith    .    c - +0 buckler
rNeg    . . .      Spirit   .    h - +0 ring mail of the Dungeon {rCorr}
rPois   .          Reflect  .    (no helmet)
rElec   .          Harm     .    (no cloak)
rCorr   +          Rampage  .    (no gloves)
Will    .....                    (no boots)
Stlth   ++........               (no amulet)
HPRegen 0.09/turn                (no ring)
MPRegen 0.08/turn                (no ring)

@: no status effects
A: thin skeletal structure 1, demonic guardian 1
a: no special abilities


You were on level 1 of the Dungeon.
You visited 1 branch of the dungeon, and saw 2 of its levels.

You collected 41 gold pieces.

Inventory:

Hand Weapons
 a - a +0 long sword (weapon)
Armour
 c - a +0 buckler (worn)
 h - the +0 ring mail of the Dungeon (worn) {rCorr}
   (You found it on level 2 of the Dungeon)

   rCorr:     It protects you from acid and corrosion.
Jewellery
 b - a +4 ring of slaying
Scrolls
 e - a scroll of enchant weapon {unknown}
 f - 4 scrolls of identify {unknown}
Potions
 d - 2 potions of might
 g - a potion of resistance {unknown}
 i - a potion of curing {unknown}


   Skills:
 + Level 3.5 Fighting
 + Level 2.4 Long Blades
 - Level 3.0 Armour
 - Level 3.0 Shields


You had 2 spell levels left.
You didn't know any spells.
Your spell library was empty.

Dungeon Overview and Level Annotations

Branches:
Dungeon (2/15)

Altars:


Innate Abilities, Weirdness & Mutations

You have a somewhat thin skeletal structure. (Dex +2, Stealth+)
A weak demonic guardian rushes to your aid.


Message History

A gnoll comes into view. It is wielding a +0 halberd.
A gnoll is nearby!
A gnoll is nearby!
A gnoll comes into view. It is wielding a +0 flail.
The gnoll shouts!
You hear a shout!
There are monsters nearby!
There are monsters nearby!
The gnoll shouts!
The gnoll hits you from afar with a +0 halberd!
There are monsters nearby!
A gnoll comes into view. It is wielding a +0 flail.
The gnoll hits you with a +0 halberd!
You are too injured to fight recklessly!
You are too injured to fight recklessly!
The gnoll attacks as you move away! The gnoll hits you with a +0 halberd.
* * * LOW HITPOINT WARNING * * *
You aren't carrying any items that you can evoke.
Unknown command.
There is a stone staircase leading up here.
You climb upwards.
There is a stone staircase leading down here.
You start resting.
HP restored.
You climb downwards.
You block the gnoll's attack.
There is a stone staircase leading up here.
The gnoll hits you with a +0 flail! The gnoll barely misses you.
You climb upwards.
There is a stone staircase leading down here.
You hit the gnoll.
The gnoll is lightly wounded.
The gnoll hits you with a +0 flail.
A demonic guardian appears!
The gnoll closely misses you.
You hit the gnoll but do no damage.
The gnoll is lightly wounded.
The gnoll hits you with a +0 flail.
Your white imp closely misses the gnoll.
You slash the gnoll!
The gnoll is severely wounded.
The gnoll hits you with a +0 flail!
You die...

#.# #.# #.# #.#
#.######
♣♣♣♣♣♣♣♣♣♣#......#
♣...♣....♣#......#
...♣....♣...##..5#
.<....♣..♣#.###g@#
...♣.♣.♣.♣#.# ####
>.♣♣♣♣♣♣♣♣#.# ♣♣♣
#.# #.# #.# #.# #
#.# # #.#


You could see a gnoll (ally target) and a friendly white imp (summoned).

Vanquished Creatures
  An adder (D:2)
  A worm (D:2)
  2 dart slugs (D:1)
  2 ball pythons (D:1)
  4 endoplasms
  3 giant cockroaches
  A hobgoblin (D:1)
  2 jackals (D:1)
  3 quokkas
  4 bats
  5 frilled lizards (D:1)
  A goblin (D:2)
  2 kobolds (D:2)
  2 rats (D:1)
33 creatures vanquished.

Vanquished Creatures (collateral kills)
  A hobgoblin (D:2)
1 creature vanquished.

Grand Total: 34 creatures vanquished

Notes
Turn   | Place    | Note
-------+----------+-------------------------------------------
     0 | D:1      | BritishOli the Demonspawn Fighter began the quest for the
                  | Orb.
     0 | D:1      | Reached XP level 1. HP: 18/18 MP: 1/1
   126 | D:1      | Gained mutation: You have a somewhat thin skeletal
                  | structure. (Dex +2, Stealth+) [demonic ancestry]
   126 | D:1      | Reached XP level 2. HP: 21/24 MP: 2/2
  1019 | D:2      | Gained mutation: A weak demonic guardian rushes to your
                  | aid. [demonic ancestry]
  1019 | D:2      | Reached XP level 3. HP: 21/29 MP: 3/3
  1211 | D:2      | Found a faded altar of an unknown god.
  1382 | D:2      | Identified the +0 ring mail of the Dungeon {rCorr}
  2203 | D:1      | Slain by a gnoll

Illustrated notes

Levels and vault maps discovered:
D:1:      roderic_dead_forest, layout_basic
D:2:      layout_basic, ebering_ecumenical_altar_mist

Skill      XL: |  1  2 |
---------------+-------+-----
Long Blades    | 2 |  2.4
Armour         | 3 |  3.0
Shields        | 3 |  3.0
Fighting       | |  3.5

Action                   || total
-------------------------++-------
Melee: Long sword        ||   116
 Stab: Sleeping          ||     4
Armor: Scale mail        ||    61
       Ring mail         ||    12
Dodge: Dodged            ||    61
Block: Buckler           ||    30

Table legend: (Time is in decaauts)
 A = Elapsed time spent in this place.
 B = Non-inter-level travel time spent in this place.
 C = Inter-level travel time spent in this place.
 D = Time resting spent in this place.
 E = Time spent auto-exploring this place.
 F = Levels seen in this place.
 G = Mean time per level.
                   A        B        C        D        E       F      G
               +--------+--------+--------+--------+--------+-----+--------+
         Total |   2242 |   2188 |     54 |    222 |   1642 |   2 | 1121.0 |
       Dungeon |   2242 |   2188 |     54 |    222 |   1642 |   2 | 1121.0 |
               +--------+--------+--------+--------+--------+-----+--------+

Top non-repeatable levels by time:
     D:1: 1258 daAuts
     D:2: 984 daAuts
